AoeStats
← thismoforighthere

Black Forest

503914078Analyzed
3v3 RM · 1mo ago on Sep 3, 2026· 92m 45s· 6 players
Game mode
Random Map
Map size
Normal (6 player)
Population
200
Speed
Normal
Resources
Standard
Victory
Conquest
Starting age
Dark Age
Ending age
Imperial Age
RankedLock teamsTeams togetherTeam positionsShared explorationLock speedFull tech treeHidden civsTurbo modeCheats
Victory
Defeat
🇺🇸 Khmer · United States
694
+11
🇺🇸 Aztecs · United States
693
+11
🇺🇸 Vietnamese · United States
595
+15
🇲🇽 Franks · Mexico
648
-15
🇲🇽 Britons · Mexico
568
-12
🇨🇱 Koreans · Chile
533
-10
Tosko9760
0:30 Loom
14:04 Feudal Age
16:03 Wheelbarrow
19:44 Double-Bit Axe
21:05 Horse Collar
21:17 Town Watch
28:34 Castle Age
26:42 Gold Mining
26:43 Stone Mining
28:35 Forging
28:16 Fletching
28:26 Padded Archer Armor
28:27 Scale Mail Armor
28:33 Scale Barding Armor
28:03 Man-at-Arms
28:30 Arson
29:50 Bow Saw
32:11 Gold Shaft Mining
32:54 Hand Cart
33:08 Treadmill Crane
33:29 Murder Holes
35:14 Heavy Plow
35:43 Ballistics
42:36 Imperial Age
40:08 Town Patrol
41:21 Fortified Wall
40:46 Crossbowman
42:11 Iron Casting
41:52 Leather Archer Armor
42:05 Husbandry
41:27 Light Cavalry
42:12 Squires
44:58 Chemistry
46:22 Two-Man Saw
45:23 Arbalester
47:10 Blast Furnace
46:26 Chain Mail Armor
46:42 Ring Archer Armor
46:07 Bodkin Arrow
46:31 Caravan
48:03 Conscription
48:07 Yeomen
47:19 Pikeman
47:43 Cavalier
49:48 Elite Longbowman
51:29 Bracer
52:00 Plate Mail Armor
51:51 Chain Barding Armor
50:57 Halberdier
54:10 Elite Longbowman
55:42 Plate Barding Armor
55:26 Gambesons
59:12 Onager
59:20 Onager
64:10 Warwolf
jose.rodarte
0:45 Loom
14:18 Feudal Age
16:43 Wheelbarrow
16:26 Double-Bit Axe
27:40 Castle Age
28:47 Hand Cart
28:37 Caravan
29:38 Town Watch
33:36 Bow Saw
33:34 Town Patrol
37:11 Fervor
37:36 Stone Mining
37:36 Gold Mining
40:30 Imperial Age
38:14 Fortified Wall
38:01 Murder Holes
38:27 Ballistics
37:58 Guard Tower
38:19 Masonry
38:40 Forging
38:35 Scale Barding Armor
38:30 Scale Mail Armor
38:20 Fletching
38:30 Padded Archer Armor
41:16 Squires
41:02 Gambesons
41:02 Arson
41:44 Conscription
41:25 Chivalry
42:02 Hoardings
41:07 Cavalier
41:07 Light Cavalry
41:48 Husbandry
42:28 Iron Casting
42:08 Chain Mail Armor
42:13 Chain Barding Armor
41:49 Bodkin Arrow
42:11 Leather Archer Armor
43:55 Chemistry
43:26 Architecture
44:47 Gold Shaft Mining
45:15 Blast Furnace
44:45 Plate Mail Armor
45:15 Paladin
46:38 Plate Barding Armor
47:14 Siege Engineers
47:44 Pikeman
86:36 Halberdier
86:39 Man-at-Arms
Kaneda
6:48 Loom
14:40 Feudal Age
19:55 Double-Bit Axe
22:09 Horse Collar
31:13 Castle Age
32:55 Caravan
33:29 Thumb Ring
32:47 Elite Skirmisher
36:19 Fortified Wall
39:59 Ballistics
44:14 Imperial Age
46:07 Chemistry
45:51 Bow Saw
46:47 Wheelbarrow
46:02 Town Watch
46:54 Block Printing
48:30 Hand Cart
50:31 Fletching
52:15 Town Patrol
53:20 Two-Man Saw
52:23 Bodkin Arrow
52:34 Scale Barding Armor
52:30 Scale Mail Armor
52:43 Forging
52:00 Pikeman
52:57 Halberdier
53:41 Squires
53:28 Gambesons
68:47 Iron Casting
68:13 Bracer
68:29 Chain Mail Armor
68:26 Heavy Rocket Cart
Lupe_the_Jedi
0:44 Loom
10:34 Feudal Age
11:26 Double-Bit Axe
12:44 Horse Collar
22:29 Castle Age
23:05 Wheelbarrow
23:38 Bow Saw
24:14 Heavy Plow
25:49 Fletching
26:00 Padded Archer Armor
26:26 Gold Mining
26:27 Stone Mining
27:23 Hand Cart
27:00 Elite Skirmisher
28:36 Bodkin Arrow
30:15 Stone Shaft Mining
30:26 Leather Archer Armor
31:17 Thumb Ring
37:46 Imperial Age
35:16 Murder Holes
35:42 Ballistics
35:34 Fortified Wall
37:48 Imperial Skirmisher
39:42 Two-Man Saw
39:20 Crop Rotation
40:21 Chemistry
39:07 Arrowslits
39:14 Guard Tower
39:16 Treadmill Crane
40:12 Chatras
41:33 Paper Money
43:50 Town Watch
49:25 Bracer
49:56 Ring Archer Armor
49:32 Scale Barding Armor
49:38 Forging
49:59 Elite Rattan Archer
52:09 Pikeman
52:50 Squires
52:36 Arson
53:11 Halberdier
79:31 Light Cavalry
80:23 Bloodlines
80:14 Husbandry
Cant-Stop-Bino
0:28 Loom
10:46 Feudal Age
16:05 Double-Bit Axe
16:04 Horse Collar
19:54 Castle Age
20:52 Bow Saw
20:47 Heavy Plow
21:26 Wheelbarrow
21:09 Husbandry
21:20 Bloodlines
20:36 Light Cavalry
21:39 Scale Barding Armor
24:12 Forging
29:14 Caravan
30:25 Iron Casting
30:12 Chain Barding Armor
31:30 Hand Cart
38:22 Imperial Age
39:41 Double Crossbow
40:41 Town Watch
40:26 Elite Ballista Elephant
42:26 Town Patrol
44:23 Cavalier
45:51 Plate Barding Armor
46:16 Blast Furnace
45:07 Fletching
45:18 Padded Archer Armor
45:43 Ballistics
45:19 Murder Holes
46:44 Chemistry
45:49 Sappers
53:05 Bodkin Arrow
53:26 Leather Archer Armor
54:36 Hoardings
63:42 Conscription
65:46 Siege Engineers
76:27 Arson
76:03 Pikeman
76:55 Bracer
78:13 Halberdier
thismoforighthere
1:19 Loom
14:14 Feudal Age
15:46 Wheelbarrow
14:57 Town Watch
16:01 Horse Collar
16:10 Double-Bit Axe
20:09 Stone Mining
23:49 Castle Age
25:01 Hand Cart
25:33 Town Patrol
26:19 Bow Saw
29:11 Caravan
33:53 Imperial Age
32:06 Heavy Plow
32:37 Scale Mail Armor
32:38 Padded Archer Armor
32:32 Treadmill Crane
33:13 Ballistics
32:45 Guard Tower
34:30 Arson
34:31 Gambesons
34:52 Squires
35:33 Capped Ram
37:07 Fletching
37:33 Leather Archer Armor
41:12 Murder Holes
43:15 Fortified Wall
43:12 Siege Engineers
42:54 Arrowslits
44:47 Chemistry
44:18 Elite Jaguar Warrior
45:21 Garland Wars
45:43 Conscription
45:43 Chain Mail Armor
45:39 Forging
45:48 Atlatl
50:09 Plate Mail Armor
50:14 Iron Casting
49:35 Bodkin Arrow
52:00 Onager
53:02 Siege Ram
61:28 Pikeman
80:56 Siege Onager
Connection lost

Rejoining the realm…

Still unreachable

The connection could not be restored.

Session expired

The server has moved on; the page needs a fresh start.